 Dungeon Crawl Stone Soup version 0.29.0-10-g45618ea6d2 (webtiles) character file.

Game seed: 2703240109703154356

303 Snarg the Conjurer (level 6, 0/42 HPs)
             Began as a Spriggan Conjurer on Aug 31, 2022.
             Succumbed to a water moccasin's poison
             ... on level 6 of the Dungeon on Sept 1, 2022.
             The game lasted 00:18:46 (4839 turns).

Snarg the Conjurer (Spriggan Conjurer)              Turns: 4839, Time: 00:18:47

Health: 0/42       AC: 23    Str:  3    XL:     6   Next: 15%
Magic:  8/11       EV:  4    Int: 21    God:
Gold:   137        SH:  0    Dex: 14    Spells: 5/11 levels left

rFire   . . .      SeeInvis +   b - +2 dagger (venom)
rCold   . . .      Faith    .   (no shield)
rNeg    . . .      Spirit   .   (body armour currently unavailable)
rPois   +          Reflect  .   (helmet currently unavailable)
rElec   .          Harm     .   (cloak currently unavailable)
rCorr   .          Rampage  .   (gloves unavailable)
Will    +....      NoTele   +   (boots unavailable)
Stlth   ++........              (no amulet)
HPRegen 0.14/turn               (no ring)
MPRegen 0.12/turn               (no ring)

@: lethally poisoned (0 -> -5), tree-form
A: stationary, stasis, torment immunity, boosted hp, very small, no large
weapons, unfitting armour, see invisible, (speed 3)
a: no special abilities


You were on level 6 of the Dungeon.
You were a tree.
You visited 2 branches of the dungeon, and saw 7 of its levels.

You collected 137 gold pieces.

Inventory:

Hand Weapons
 a - a +2 dagger of speed
 b - a +2 dagger of venom (weapon)
 w - a +0 dagger
 x - a +0 short sword
 y - a +2 short sword of speed
Missiles
 e - 20 stones
 s - 2 boomerangs
 t - 3 curare-tipped darts
 u - 3 poisoned darts
Armour
 p - a +0 robe (melded)
Wands
 A - a wand of iceblast (11)
Scrolls
 c - a scroll of poison {unknown}
 h - a scroll of teleportation
 q - a scroll of immolation {unknown}
Potions
 d - a potion of brilliance {unknown}
 g - a potion of lignification
 i - 2 potions of haste
 j - 2 potions of curing {unknown}
 l - a potion of flight {unknown}
 n - a potion of might {unknown}
 o - a potion of magic
 z - a potion of cancellation


   Skills:
 + Level 0.3 Fighting
 + Level 1.3 Short Blades
 - Level 1.0 Throwing
 + Level 3.8 Dodging
 + Level 3.8 Stealth
 - Level 3.0 Spellcasting
 + Level 4.5 Conjurations
 * Level 2.6 Hexes


You had 5 spell levels left.
You knew the following spells:

 Your Spells              Type           Power      Damage    Failure   Level
a - Magic Dart            Conj           88%        1d7       1%          1
b - Searing Ray           Conj           44%        2d6       3%          2
c - Dazzling Flash        Conj/Hex       36%        N/A       10%         3

Your spell library contained the following spells:

 Spells                   Type           Power      Damage    Failure   Level
 Necrotise                Necr           12%        1d4       13%         1
 Tukima's Dance           Hex            14%        N/A       14%         3
 Portal Projectile        Hex/Tloc       16%        N/A       24%         3
 Fulminant Prism          Conj/Hex       9%         3d7       30%         4
 Vampiric Draining        Necr           3%         2d6       36%         3
 Iskenderun's Mystic Bla  Conj/Tloc      12%        2d5       45%         4
 Agony                    Necr           3%         N/A       98%         5
 Blade Hands              Tmut           1%         N/A       98%         5
 Starburst                Conj/Fire      6%         6d4       100%        6


Dungeon Overview and Level Annotations

Branches:
Dungeon (7/15)             Temple (1/1) D:7

Altars:
Ashenzari
Cheibriados
Elyvilon
Fedhas
Kikubaaqudgha
Makhleb
Qazlal
Ru
Sif Muna
Trog
Vehumet
Wu Jian
Xom
Yredelemnul

Annotations:
D:1 clr
D:2 Sigmund


Innate Abilities, Weirdness & Mutations

You are a tree.
Your roots penetrate the ground, keeping you stationary.
You cannot be teleported.
You are immune to unholy pain and torment.
Your maximum health is greatly increased.
Your equipment is partially melded.
You are very small and have problems with some larger weapons.
You are too small for most types of armour.
You have supernaturally acute eyesight. (SInv)
((You cover ground extremely quickly. (Speed+++)))


Message History

There is a staircase back to the Dungeon here.
You climb upwards.
Welcome back to the Dungeon!
The gnoll misses you. The gnoll hits you with a +0 whip!
The black bear closely misses you. The black bear claws you.
The black bear misses you.
There is a staircase to the Ecumenical Temple, spattered with blood here.
The gnoll barely misses you. The shadow imp gestures at you.
You resist with significant effort. The gnoll hits you with a +0 spear.
There is an escape hatch in the ceiling here.
The gnoll hits you with a +0 spear.
* * * LOW HITPOINT WARNING * * *
A mysterious force pulls you upwards. The hatch slams shut behind you.
The helpless water moccasin fails to defend itself.
You impale the water moccasin!!
The water moccasin is severely wounded.
The gnoll misses you. The water moccasin bites you.
* * * LOW HITPOINT WARNING * * *
You are lethally poisoned!
The water moccasin poisons you!
You feel much better.
You feel sick. The gnoll hits you with a +0 spear!
* * * LOW HITPOINT WARNING * * *
The water moccasin barely misses you.
* * * LOW HITPOINT WARNING * * *
You feel sick. The gnoll closely misses you.
Really quaff the potion of lignification?
You turn into a tree.
Your +0 robe melds into your body.
Your roots penetrate the ground.
* * * LOW HITPOINT WARNING * * *
You feel sick.
The water moccasin bites you but does no damage.
The gnoll hits you but does no damage.
Unknown command.
Unknown command.
Casting: Searing Ray (safe; 3% risk of failure)
Confirm with . or Enter, or press ? or * to list all spells.
Casting: Dazzling Flash (dangerous; 10% risk of failure)
Press: ? - help, Dir - look around, f - activate The water moccasin is dazzled.
You die...

+###.
#######.....
#...........
#........#
#........#
#..♣# #..S#
......g.....#
......s.....#
#..##...##.....
#. #...# .....
. ..... ....
.....# ##.
......o


You could see a water moccasin (blind), a scorpion (asleep) and a gnoll.

Vanquished Creatures
  A scorpion (D:7)
  An orc priest (D:3)
  A hound (D:4)
  An iguana (D:4)
  3 adders
  3 gnolls (D:3)
  A white imp (D:7)
  An ufetubus (D:3)
  A worm (D:3)
  A dart slug (D:2)
  10 orcs
  5 endoplasms
  A giant cockroach (D:2)
  7 hobgoblins
  3 quokkas
  9 ball pythons
  10 bats
  3 frilled lizards
  5 goblins
  5 kobolds
  5 rats
77 creatures vanquished.

Notes
Turn   | Place    | Note
-------+----------+-------------------------------------------
     0 | D:1      | Snarg the Spriggan Conjurer began the quest for the Orb.
     0 | D:1      | Reached XP level 1. HP: 9/9 MP: 5/5
    21 | D:1      | Reached skill level 3 in Conjurations
   434 | D:1      | Reached XP level 2. HP: 13/13 MP: 3/6
   437 | D:1      | Learned a level 2 spell: Searing Ray
  1076 | D:2      | Reached XP level 3. HP: 16/16 MP: 3/8
  1139 | D:2      | Learned a level 3 spell: Dazzling Flash
  1474 | D:2      | Noticed Sigmund
  2009 | D:3      | Reached skill level 1 in Hexes
  2064 | D:3      | Reached XP level 4. HP: 21/21 MP: 6/9
  2243 | D:3      | Reached skill level 4 in Conjurations
  2664 | D:3      | Found a bloodstained altar of Trog.
  2964 | D:3      | Upgraded the game from 0.29.0-7-g18a832c13a to
                  | 0.29.0-10-g45618ea6d2
  3088 | D:3      | Reached XP level 5. HP: 24/24 MP: 3/10
  3425 | D:3      | Reached skill level 1 in Throwing
  3676 | D:4      | Found an ancient bone altar of Kikubaaqudgha.
  4093 | D:4      | Reached skill level 1 in Short Blades
  4216 | D:4      | You fall into a shaft and drop 3 floors!
  4251 | D:7      | Reached XP level 6. HP: 14/28 MP: 0/11
  4280 | D:7      | Found a staircase to the Ecumenical Temple.
  4291 | Temple   | Entered the Ecumenical Temple
  4834 | D:6      | Noticed a water moccasin
  4835 | D:6      | HP: 1/28 [water moccasin (5)]
  4839 | D:6      | Succumbed to a water moccasin's poison

Illustrated notes

Levels and vault maps discovered:
D:1:      dpeg_arrival_court, layout_rooms
D:2:      layout_rooms, uniq_sigmund
D:3:      layout_basic, mainiacjoe_overflow_24_doors
D:4:      layout_loops_ring, nicolae_dithmenos_through_a_glass_darkly,
          lemuel_coloured_pillars_altar, lemuel_crystal_altar, uniq_duvessa
D:6:      layout_gridville, nicolae_uskayaw_murder_on_the_dancefloor,
          zin_purify, serial_bayou_crossing
D:7:      layout_layer_cave, minmay_temple_entry_glass
Temple:   hc_temple_tempest_star

Skill      XL: |  1  2  3  4  5 |
---------------+----------------+-----
Conjurations   | 3 4 |  4.5
Spellcasting   | 3 |  3.0
Dodging        | 3 |  3.8
Hexes          | 1 2 |  2.6
Throwing       | 1 |  1.0
Short Blades   | 1 |  1.3
Fighting       | |  0.3
Stealth        | |  3.8

Action                   |  1- 3 |  4- 6 || total
-------------------------+-------+-------++-------
Melee: Unarmed           |     8 |       ||     8
       Dagger            |    19 |    30 ||    49
Throw: Boomerang         |       |    10 ||    10
       Dart              |       |     6 ||     6
 Cast: Magic Dart        |    81 |    51 ||   132
       Searing Ray       |       |    14 ||    14
       Dazzling Flash    |       |     1 ||     1
  Use: Scroll            |       |     9 ||     9
       Potion            |       |     4 ||     4
 Stab: Sleeping          |     2 |     1 ||     3
Armor: Robe              |    16 |     1 ||    17
       Skin              |       |    12 ||    12
Dodge: Dodged            |    53 |    33 ||    86
